Oilers vs Wild

Created - Friday, March 11, 2016 at 04:11

Goals
1 2 3 T
Oilers 1 2 3 6
Wild 1 0 0 1
Shots
1 2 3 T
Oilers 6 12 13 31
Wild 14 10 6 30

1st period

1. Wild , Rickard Rakell 11 (Jonathan Ericsson) at 2:14
2. Oilers , Nicklas Backstrom 32 (Pavel Datsyuk) at 19:19

Penalties :
Nicklas Backstrom (Edm) for Roughing (Minor) at 2:48, Tuomo Ruutu (Min) for Holding (Minor) at 6:10, Cody McCormick (Min) for Holding (Minor) at 8:27, Jonathan Ericsson (Min) for Diving (Minor) at 13:03, Andrew MacDonald (Edm) for Tripping (Minor) at 16:49

2nd period

3. Oilers , Milan Michalek 20 (Brayden McNabb, Jason Demers) at 5:18
4. Oilers , Pavel Datsyuk 29 (Zbynek Michalek) at 7:30

Penalties :
Niklas Hjalmarsson (Edm) for Hooking (Minor) at 0:40, Cody McCormick (Min) for Holding (Minor) at 9:47, Cody McCormick (Min) for Interference (Minor) at 18:09

3rd period

5. Oilers , Nick Bonino 18 (Pavel Datsyuk, Niklas Hjalmarsson) at 4:18
6. Oilers , Nick Foligno 26 (Derek Stepan) at 6:31
7. Oilers , Trevor Lewis 7 (Lars Eller, Patrick Marleau) at 10:34

Penalties :
Derek Dorsett (Min) for Tripping (Minor) at 1:21, Jonathan Ericsson (Min) for Roughing (Minor) at 7:39, Luke Schenn (Min) for Hooking (Minor) at 16:27, Tuomo Ruutu (Min) for Roughing (Minor) at 19:08

Goalie Stats

Jaroslav Halak (Edm), 29 saves from 30 shots - (0.967), W, 37-22-5, 60:00 minutes
Niklas Backstrom (Min), 25 saves from 31 shots - (0.806), L, 4-15-3, 60:00 minutes

Players Stats for Oilers

Player Name              G  A  P  +/- PIM S  H  SB GA TA FO     MP     PP MP  PK MP  
------------------------------------------------------------------------------------
Andrew Ladd              0  0  0   1  0   2  2  2  1  0  0/0    23:37   8:11   4:02 
Andrew MacDonald         0  0  0   2  2   0  0  0  0  0  0/0    15:09   0:22   2:58 
Brayden McNabb           0  1  1   1  0   1  0  0  0  0  0/0     0:48   0:00   0:00 
David Desharnais         0  0  0   1  0   5  5  0  0  0  7/13   19:44   9:57   0:00 
Derek Stepan             0  1  1   1  0   3  1  2  0  2  3/11   22:00  11:26   0:00 
James Wisniewski         0  0  0   0  0   3  5  1  1  0  0/0    24:56  11:27   1:38 
Jason Demers             0  1  1   3  0   1  0  0  0  1  0/0    11:20   0:56   0:00 
Lars Eller               0  1  1   1  0   0  1  0  0  0  4/10    8:32   0:00   1:55 
Milan Michalek           1  0  1   2  0   3  2  0  0  0  0/0    17:34   5:18   1:55 
Nick Bonino              1  0  1   2  0   3  1  1  0  0  5/6    15:30   0:00   4:02 
Nick Foligno             1  0  1   1  0   3  2  0  5  0  1/1    19:07   8:11   0:00 
Nicklas Backstrom        1  0  1   1  2   2  3  0  1  0  7/14   20:10   9:38   0:00 
Niklas Hjalmarsson       0  1  1   2  2   0  0  1  0  2  0/0    14:53   0:00   1:21 
Patrick Marleau          0  1  1   2  0   2  1  0  1  0  1/1    23:07   8:40   0:00 
Pavel Datsyuk            1  2  3   2  0   1  1  0  4  0  1/1    19:03   8:32   0:00 
Ryan McDonagh            0  0  0   0  0   0  1  1  0  4  0/0    14:12   0:00   2:37 
Trevor Lewis             1  0  1   1  0   2  0  0  1  0  0/0     7:35   0:57   0:00 
Zbynek Michalek          0  1  1   2  0   0  1  1  0  0  0/0    16:43   0:00   3:20 

Players Stats for Wild

Player Name              G  A  P  +/- PIM S  H  SB GA TA FO     MP     PP MP  PK MP  
------------------------------------------------------------------------------------
Brad Marchand            0  0  0   1  0   2  0  0  2  0  1/1    18:48   3:21   5:22 
Brian Strait             0  0  0  -1  0   0  1  0  0  0  0/0    10:45   0:00   0:00 
Cody Franson             0  0  0   0  0   2  3  3  0  1  0/0    23:32   3:40   6:55 
Cody McCormick           0  0  0   0  6   1  2  0  0  0  8/19   18:10   2:36   7:22 
Dale Weise               0  0  0  -2  0   1  2  0  0  0  0/0     9:47   0:00   0:00 
David Legwand            0  0  0   1  0   1  0  0  3  0  8/14   13:51   3:21   1:15 
Derek Dorsett            0  0  0  -4  2   0  1  0  0  0  0/2    10:04   0:00   0:00 
Jonathan Ericsson        0  1  1  -1  4   1  0  1  0  0  0/0    21:07   2:17   4:39 
Jordan Eberle            0  0  0   0  0   6  0  0  3  0  0/0    10:41   3:21   0:00 
Luke Schenn              0  0  0  -3  2   0  1  1  0  1  0/0    11:44   0:00   0:21 
Mark Streit              0  0  0  -1  0   2  1  2  1  1  0/0    27:25   3:40  11:27 
Mason Raymond            0  0  0  -4  0   4  0  1  0  0  0/0     9:41   0:00   0:00 
Max Talbot               0  0  0  -2  0   0  1  0  0  1  1/4     9:47   0:00   0:00 
Rickard Rakell           1  0  1   1  0   3  0  0  4  0  5/9    15:51   2:36   4:37 
Thomas Vanek             0  0  0   0  0   3  0  0  2  1  1/2    21:13   2:36  10:50 
Toby Enstrom             0  0  0  -4  0   3  0  3  1  1  0/0    26:02   2:17  10:04 
Tuomo Ruutu              0  0  0  -2  4   0  0  1  0  0  0/0    10:03   0:00   0:00 
Victor Rask              0  0  0  -4  0   1  0  0  2  0  4/6    14:37   0:00   4:00 

3 Stars

1 - Pavel Datsyuk (Edm)
2 - Jaroslav Halak (Edm)
3 - Milan Michalek (Edm)

Power Play

Oilers - 0 on 9 Attempt(s) - 0.00%
Wild - 0 on 3 Attempt(s) - 0.00%

Penalty Kill

Oilers - 3 on 3 Attempt(s) - 100.00% - Score 0 goal in Penalty Kill
Wild - 9 on 9 Attempt(s) - 100.00% - Score 0 goal in Penalty Kill

Team Stat

Oilers - Hits : 26 - Faceoff Wins : 29 - Blocked Shots : 9 - Penalty Minutes : 6
Wild - Hits : 12 - Faceoff Wins : 28 - Blocked Shots : 12 - Penalty Minutes : 18

Official

Referees : Unknown
Linesman : Unknown

Game Notes

No Game Note

Finance

Level 1 -- Attendance: 4457 (74.28%) -- Ticket Income $445,700
Level 2 -- Attendance: 3363 (67.26%) -- Ticket Income $201,780
Level 3 -- Attendance: 1458 (72.90%) -- Ticket Income $51,030
Level 4 -- Attendance: 3027 (75.68%) -- Ticket Income $60,540
Luxury Box -- Attendance: 690 (69.00%) -- Ticket Income $138,000
Game was played at the Xcel Energy Center.
Total Attendance: 12995 (72.19%)
Total Ticket Income: $897,050
Other Income: $439,554
Total Income: $1,336,604

Oilers

5 vs 5 Forward 
   Center                   Left Wing                Right Wing               Time % Phy DF OF 
 1 Nicklas Backstrom        Pavel Datsyuk            Patrick Marleau          35     0   1  4  
 2 Derek Stepan             Andrew Ladd              Nick Foligno             35     0   1  4  
 3 David Desharnais         Nick Bonino              Milan Michalek           25     0   2  3  
 4 Lars Eller               Patrick Marleau          Trevor Lewis             5      1   2  2  

5 vs 5 Defense 
   Defense                  Defense                                           Time % Phy DF OF 
 1 Ryan McDonagh            James Wisniewski                                  35     1   4  0  
 2 Zbynek Michalek          Niklas Hjalmarsson                                35     1   4  0  
 3 Jason Demers             Andrew MacDonald                                  27     1   4  0  
 4 Brayden McNabb           Ryan McDonagh                                     3      1   4  0  

PowerPlay Forward 
   Center                   Left Wing                Right Wing               Time % Phy DF OF 
 1 Nicklas Backstrom        Pavel Datsyuk            Patrick Marleau          50     0   0  5  
 2 David Desharnais         Andrew Ladd              Nick Foligno             50     0   0  5  

PowerPlay Defense
   Defense                  Defense                                           Time % Phy DF OF 
 1 Derek Stepan             James Wisniewski                                  60     1   2  2  
 2 Nicklas Backstrom        Patrick Marleau                                   40     1   2  2  

Penalty Kill 4 Players Forward 
   Center                   Wing                     Time % Phy DF OF 
 1 Nick Bonino              Andrew Ladd              60     1   4  0  
 2 Lars Eller               Milan Michalek           40     1   4  0  

Penalty Kill 4 Players Defense
   Defense                  Defense                  Time % Phy DF OF 
 1 Zbynek Michalek          Niklas Hjalmarsson       50     1   4  0  
 2 Ryan McDonagh            Andrew MacDonald         50     1   4  0  

Penalty Kill - 3 Players Forward 
   Forward                                           Time % Phy DF OF 
 1 Nick Bonino                                       60     1   4  0  
 2 Derek Stepan                                      40     1   4  0  

Penalty Kill - 3 Players Defense
   Defense                  Defense                  Time % Phy DF OF 
 1 Zbynek Michalek          Niklas Hjalmarsson       50     1   4  0  
 2 Ryan McDonagh            Andrew MacDonald         50     1   4  0  

4 vs 4 Forward 
   Center                   Wing                     Time % Phy DF OF 
 1 Nicklas Backstrom        Pavel Datsyuk            60     0   0  5  
 2 Nick Foligno             Andrew Ladd              40     0   1  4  

4 vs 4 Defense
   Defense                  Defense                  Time % Phy DF OF 
 1 Ryan McDonagh            James Wisniewski         60     1   4  0  
 2 Zbynek Michalek          Niklas Hjalmarsson       40     1   4  0  

Last Minutes Offensive
   Center                   Left Wing                Right Wing               Defense                  Defense                  
   Nicklas Backstrom        Pavel Datsyuk            Nick Foligno             Patrick Marleau          James Wisniewski         

Last Minutes Defensive
   Center                   Left Wing                Right Wing               Defense                  Defense                  
   Nicklas Backstrom        Andrew Ladd              Nick Foligno             Ryan McDonagh            Zbynek Michalek          

Goaltenders
Starting : Jaroslav Halak           
Backup : Ray Emery                

Extra Forwards
Normal : Nicklas Backstrom, Pavel Datsyuk, Nick Foligno - PP : Nicklas Backstrom, Pavel Datsyuk - PK : Patrick Marleau
Extra Defensemen
Normal : Jason Demers, Andrew MacDonald, Brayden McNabb - PP : Jason Demers - PK : Andrew MacDonald, Ryan McDonagh
Penalty Shots
Pavel Datsyuk, David Desharnais, Andrew Ladd, Nick Bonino, Nicklas Backstrom

Wild

5 vs 5 Forward 
   Center                   Left Wing                Right Wing               Time % Phy DF OF 
 1 David Legwand            Brad Marchand            Rickard Rakell           35     1   2  2  
 2 Cody McCormick           Thomas Vanek             Jordan Eberle            30     1   2  2  
 3 Victor Rask              Derek Dorsett            Mason Raymond            22     1   2  2  
 4 Max Talbot               Tuomo Ruutu              Dale Weise               13     1   2  2  

5 vs 5 Defense 
   Defense                  Defense                                           Time % Phy DF OF 
 1 Mark Streit              Cody Franson                                      35     1   2  2  
 2 Toby Enstrom             Luke Schenn                                       30     1   2  2  
 3 Brian Strait             Jonathan Ericsson                                 22     1   2  2  
 4 Cody Franson             Jonathan Ericsson                                 13     1   2  2  

PowerPlay Forward 
   Center                   Left Wing                Right Wing               Time % Phy DF OF 
 1 Rickard Rakell           Thomas Vanek             Cody McCormick           60     1   2  2  
 2 David Legwand            Brad Marchand            Jordan Eberle            40     1   2  2  

PowerPlay Defense
   Defense                  Defense                                           Time % Phy DF OF 
 1 Cody Franson             Mark Streit                                       60     1   2  2  
 2 Jonathan Ericsson        Toby Enstrom                                      40     1   2  2  

Penalty Kill 4 Players Forward 
   Center                   Wing                     Time % Phy DF OF 
 1 Cody McCormick           Thomas Vanek             60     1   2  2  
 2 Victor Rask              Brad Marchand            40     1   2  2  

Penalty Kill 4 Players Defense
   Defense                  Defense                  Time % Phy DF OF 
 1 Toby Enstrom             Mark Streit              60     1   2  2  
 2 Jonathan Ericsson        Cody Franson             40     1   2  2  

Penalty Kill - 3 Players Forward 
   Forward                                           Time % Phy DF OF 
 1 Cody McCormick                                    60     1   2  2  
 2 Thomas Vanek                                      40     1   2  2  

Penalty Kill - 3 Players Defense
   Defense                  Defense                  Time % Phy DF OF 
 1 Toby Enstrom             Mark Streit              60     1   2  2  
 2 Jonathan Ericsson        Cody Franson             40     1   2  2  

4 vs 4 Forward 
   Center                   Wing                     Time % Phy DF OF 
 1 Cody McCormick           Thomas Vanek             60     1   2  2  
 2 Rickard Rakell           Brad Marchand            40     1   2  2  

4 vs 4 Defense
   Defense                  Defense                  Time % Phy DF OF 
 1 Cody Franson             Mark Streit              60     1   2  2  
 2 Jonathan Ericsson        Toby Enstrom             40     1   2  2  

Last Minutes Offensive
   Center                   Left Wing                Right Wing               Defense                  Defense                  
   Rickard Rakell           Brad Marchand            Jordan Eberle            Cody Franson             Mark Streit              

Last Minutes Defensive
   Center                   Left Wing                Right Wing               Defense                  Defense                  
   Cody McCormick           David Legwand            Max Talbot               Toby Enstrom             Jonathan Ericsson        

Goaltenders
Starting : Niklas Backstrom         
Backup : Ryan Miller              

Extra Forwards
Normal : Victor Rask, Cody McCormick, Thomas Vanek - PP : Jordan Eberle, Cody McCormick - PK : Rickard Rakell
Extra Defensemen
Normal : Cody Franson, Toby Enstrom, Jonathan Ericsson - PP : Toby Enstrom - PK : Toby Enstrom, Jonathan Ericsson
Penalty Shots
Jordan Eberle, Thomas Vanek, Victor Rask, Brad Marchand, Cody McCormick

% Time on Ice - Oilers

Lines # - Real PCT - Wanted PCT - Time Play
Normal Forward
1 - 29% - 35% - 10:40
2 - 26% - 35% - 9:50
3 - 28% - 25% - 10:18
4 - 18% - 5% - 6:32
Normal Defense
1 - 34% - 35% - 12:33
2 - 38% - 35% - 14:14
3 - 27% - 27% - 10:04
4 - 1% - 3% - 0:29
PP Forward
1 - 53% - 50% - 8:52
2 - 47% - 50% - 7:51
PP Defense
1 - 68% - 60% - 11:27
2 - 32% - 40% - 5:16
PK Forward
1 - 68% - 60% - 4:02
2 - 32% - 40% - 1:55
PK Defense
1 - 56% - 50% - 3:20
2 - 44% - 50% - 2:37
PK3 Forward
1 - 0% - 60%
2 - 0% - 40%
PK3 Defense
1 - 0% - 50%
2 - 0% - 50%
44 Forward
1 - 0% - 60%
2 - 0% - 40%
44 Defense
1 - 0% - 60%
2 - 0% - 40%
Last Minute Offensive  - 0:00
Last Minute Defensive  - 0:00
Total
Forward - 60:00
Defense - 60:00

% Time on Ice - Wild

Lines # - Real PCT - Wanted PCT - Time Play
Normal Forward
1 - 26% - 35% - 9:36
2 - 22% - 30% - 8:16
3 - 26% - 22% - 9:41
4 - 26% - 13% - 9:47
Normal Defense
1 - 33% - 35% - 12:18
2 - 29% - 30% - 10:55
3 - 29% - 22% - 10:45
4 - 9% - 13% - 3:22
PP Forward
1 - 44% - 60% - 2:36
2 - 56% - 40% - 3:21
PP Defense
1 - 62% - 60% - 3:40
2 - 38% - 40% - 2:17
PK Forward
1 - 76% - 60% - 12:43
2 - 24% - 40% - 4:00
PK Defense
1 - 59% - 60% - 9:48
2 - 41% - 40% - 6:55
PK3 Forward
1 - 0% - 60%
2 - 0% - 40%
PK3 Defense
1 - 0% - 60%
2 - 0% - 40%
44 Forward
1 - 0% - 60%
2 - 0% - 40%
44 Defense
1 - 0% - 60%
2 - 0% - 40%
Last Minute Offensive  - 0:00
Last Minute Defensive  - 0:00
Total
Forward - 60:00
Defense - 60:00

Play by Play

1st period


0:01 of 1st period - David Legwand wins face-off versus Nicklas Backstrom in neutral zone.
0:20 of 1st period - Snap shot by David Legwand.
0:20 of 1st period - Deflect By Pavel Datsyuk.
0:20 of 1st period - Stopped by Jaroslav Halak without a rebound.
0:21 of 1st period - Cody McCormick wins face-off versus Derek Stepan in Oilers zone.
0:34 of 1st period - Snap shot by Nick Foligno.
0:34 of 1st period - Stopped by Niklas Backstrom without a rebound.
0:35 of 1st period - Cody McCormick wins face-off versus Derek Stepan in Wild zone.
0:48 of 1st period - Wrist shot by Thomas Vanek.
0:48 of 1st period - Shot Misses the Net.
0:50 of 1st period - Wrist shot by Toby Enstrom.
0:50 of 1st period - Shot Blocked by Niklas Hjalmarsson.
0:52 of 1st period - Slapshot by Luke Schenn.
0:52 of 1st period - Shot Blocked by Andrew Ladd.
0:54 of 1st period - Slapshot by Luke Schenn.
0:54 of 1st period - Shot Blocked by Derek Stepan.
0:56 of 1st period - Slapshot by Luke Schenn.
0:56 of 1st period - Shot Misses the Net.
0:58 of 1st period - Slapshot by Toby Enstrom.
0:58 of 1st period - Deflect By Nick Foligno.
0:58 of 1st period - Stopped by Jaroslav Halak with a rebound.
1:00 of 1st period - Slapshot by Toby Enstrom.
1:00 of 1st period - Shot Misses the Net.
1:02 of 1st period - Slapshot by Jordan Eberle.
1:02 of 1st period - Stopped by Jaroslav Halak with a rebound.
1:04 of 1st period - Snap shot by Jordan Eberle.
1:04 of 1st period - Shot Misses the Net.
1:22 of 1st period - Snap shot by Mason Raymond.
1:22 of 1st period - Stopped by Jaroslav Halak without a rebound.
1:23 of 1st period - David Desharnais wins face-off versus Derek Dorsett in Oilers zone.
2:14 of 1st period - Snap shot by Rickard Rakell.
2:14 of 1st period - Goal by Rickard Rakell - Oilers : 0 - Wild : 1.
2:15 of 1st period - Max Talbot wins face-off versus Nicklas Backstrom in neutral zone.
2:20 of 1st period - Slapshot by Cody Franson.
2:20 of 1st period - Shot Misses the Net.
2:22 of 1st period - Snap shot by Dale Weise.
2:22 of 1st period - Stopped by Jaroslav Halak with a rebound.
2:24 of 1st period - Slapshot by Tuomo Ruutu.
2:24 of 1st period - Shot Misses the Net.
2:48 of 1st period - Minor Penalty to Nicklas Backstrom for Roughing.
2:49 of 1st period - Nick Bonino wins face-off versus Rickard Rakell in Oilers zone.
2:59 of 1st period - Nick Bonino is hit by Cody McCormick and loses puck.
3:18 of 1st period - Snap shot by Rickard Rakell.
3:18 of 1st period - Shot Misses the Net.
3:20 of 1st period - Wrist shot by Thomas Vanek.
3:20 of 1st period - Shot Blocked by Andrew Ladd.
3:22 of 1st period - Wrist shot by Cody Franson.
3:22 of 1st period - Shot Misses the Net.
3:24 of 1st period - Wrist shot by Thomas Vanek.
3:24 of 1st period - Stopped by Jaroslav Halak with a rebound.
3:26 of 1st period - Wrist shot by Mark Streit.
3:26 of 1st period - Deflect By Rickard Rakell.
3:26 of 1st period - Shot Misses the Net.
3:26 of 1st period - Puck is out of play.
3:27 of 1st period - Brad Marchand wins face-off versus Lars Eller in Oilers zone.
3:30 of 1st period - Snap shot by Jordan Eberle.
3:30 of 1st period - Stopped by Jaroslav Halak without a rebound.
3:31 of 1st period - David Legwand wins face-off versus Lars Eller in Oilers zone.
4:03 of 1st period - Backhand shot by Toby Enstrom.
4:03 of 1st period - Stopped by Jaroslav Halak without a rebound.
4:04 of 1st period - Rickard Rakell wins face-off versus Lars Eller in Oilers zone.
4:07 of 1st period - Snap shot by Thomas Vanek.
4:07 of 1st period - Stopped by Jaroslav Halak without a rebound.
4:08 of 1st period - Rickard Rakell wins face-off versus Lars Eller in Oilers zone.
4:09 of 1st period - Snap shot by Thomas Vanek.
4:09 of 1st period - Stopped by Jaroslav Halak with a rebound.
4:25 of 1st period - Snap shot by Mark Streit.
4:25 of 1st period - Stopped by Jaroslav Halak without a rebound.
4:26 of 1st period - David Legwand wins face-off versus Nick Bonino in Oilers zone.
4:48 of 1st period - Penalty to Nicklas Backstrom is over, Nicklas Backstrom is back on ice.
5:03 of 1st period - Slapshot by Nicklas Backstrom.
5:03 of 1st period - Shot Blocked by Mark Streit.
5:26 of 1st period - Andrew MacDonald is hit by Derek Dorsett and loses puck.
6:10 of 1st period - Minor Penalty to Tuomo Ruutu for Holding.
6:11 of 1st period - David Desharnais wins face-off versus Cody McCormick in Wild zone.
6:38 of 1st period - Toby Enstrom is hit by Nick Foligno and loses puck.
7:51 of 1st period - Brad Marchand is hit by David Desharnais and loses puck.
8:10 of 1st period - Penalty to Tuomo Ruutu is over, Tuomo Ruutu is back on ice.
8:27 of 1st period - Minor Penalty to Cody McCormick for Holding.
8:28 of 1st period - Rickard Rakell wins face-off versus David Desharnais in Wild zone.
9:50 of 1st period - Derek Stepan is hit by Cody Franson and loses puck.
10:27 of 1st period - Penalty to Cody McCormick is over, Cody McCormick is back on ice.
11:31 of 1st period - Backhand shot by Lars Eller.
11:31 of 1st period - Shot Blocked by Toby Enstrom.
11:33 of 1st period - Slapshot by Niklas Hjalmarsson.
11:33 of 1st period - Shot Misses the Net.
11:35 of 1st period - Snap shot by Trevor Lewis.
11:35 of 1st period - Stopped by Niklas Backstrom without a rebound.
11:36 of 1st period - Victor Rask wins face-off versus Lars Eller in Wild zone.
11:47 of 1st period - Victor Rask is hit by Lars Eller and loses puck.
12:22 of 1st period - Mason Raymond is hit by Andrew Ladd and loses puck.
12:53 of 1st period - Nick Bonino is hit by Cody McCormick and loses puck.
13:03 of 1st period - Minor Penalty to Jonathan Ericsson for Diving.
13:04 of 1st period - Patrick Marleau wins face-off versus Cody McCormick in Wild zone.
13:09 of 1st period - Slapshot by Pavel Datsyuk.
13:09 of 1st period - Deflect By Patrick Marleau.
13:09 of 1st period - Stopped by Niklas Backstrom with a rebound.
13:23 of 1st period - Snap shot by Pavel Datsyuk.
13:23 of 1st period - Shot Misses the Net.
13:40 of 1st period - Toby Enstrom is hit by David Desharnais and loses puck.
13:59 of 1st period - Cody McCormick is hit by Nicklas Backstrom and loses puck.
14:56 of 1st period - Slapshot by Cody Franson.
14:56 of 1st period - Deflect By Thomas Vanek.
14:56 of 1st period - Shot Misses the Net.
14:56 of 1st period - Puck is out of play.
14:57 of 1st period - Cody McCormick wins face-off versus Nicklas Backstrom in Oilers zone.
15:03 of 1st period - Penalty to Jonathan Ericsson is over, Jonathan Ericsson is back on ice.
15:18 of 1st period - Snap shot by Brad Marchand.
15:18 of 1st period - Shot Misses the Net.
15:20 of 1st period - Snap shot by Brian Strait.
15:20 of 1st period - Deflect By Rickard Rakell.
15:20 of 1st period - Shot Misses the Net.
15:20 of 1st period - Puck is out of play.
15:21 of 1st period - David Legwand wins face-off versus Lars Eller in Oilers zone.
16:06 of 1st period - Snap shot by Nick Foligno.
16:06 of 1st period - Deflect By Milan Michalek.
16:06 of 1st period - Stopped by Niklas Backstrom with a rebound.
16:18 of 1st period - Lars Eller is hit by Brian Strait and loses puck.
16:30 of 1st period - Icing by Jason Demers.
16:31 of 1st period - Lars Eller wins face-off versus Victor Rask in Oilers zone.
16:49 of 1st period - Minor Penalty to Andrew MacDonald for Tripping.
16:50 of 1st period - Nick Bonino wins face-off versus David Legwand in Oilers zone.
16:50 of 1st period - Nick Bonino is hit by Cody Franson.
17:18 of 1st period - Ryan McDonagh is hit by Cody Franson and loses puck.
18:25 of 1st period - Snap shot by Jordan Eberle.
18:25 of 1st period - Stopped by Jaroslav Halak with a rebound.
18:27 of 1st period - Slapshot by Toby Enstrom.
18:27 of 1st period - Stopped by Jaroslav Halak without a rebound.
18:28 of 1st period - Lars Eller wins face-off versus David Legwand in Oilers zone.
18:49 of 1st period - Penalty to Andrew MacDonald is over, Andrew MacDonald is back on ice.
18:53 of 1st period - Wrist shot by Milan Michalek.
18:53 of 1st period - Stopped by Niklas Backstrom without a rebound.
18:54 of 1st period - Nicklas Backstrom wins face-off versus Victor Rask in Wild zone.
19:17 of 1st period - Slapshot by Nicklas Backstrom.
19:17 of 1st period - Shot Misses the Net.
19:19 of 1st period - Snap shot by Nicklas Backstrom.
19:19 of 1st period - Goal by Nicklas Backstrom - Oilers : 1 - Wild : 1.
19:20 of 1st period - Nicklas Backstrom wins face-off versus Max Talbot in neutral zone.
Goals for this period are 1 for Oilers vs 1 for Wild.
Shots for this period are 6 for Oilers vs 14 for Wild.

2nd period


0:01 of 2nd period - Derek Stepan wins face-off versus David Legwand in neutral zone.
0:33 of 2nd period - Slapshot by Rickard Rakell.
0:33 of 2nd period - Stopped by Jaroslav Halak with a rebound.
0:35 of 2nd period - Wrist shot by David Legwand.
0:35 of 2nd period - Shot Blocked by Derek Stepan.
0:37 of 2nd period - Snap shot by Brad Marchand.
0:37 of 2nd period - Stopped by Jaroslav Halak without a rebound.
0:38 of 2nd period - Nicklas Backstrom wins face-off versus Cody McCormick in Oilers zone.
0:40 of 2nd period - Minor Penalty to Niklas Hjalmarsson for Hooking.
0:41 of 2nd period - Nick Bonino wins face-off versus Rickard Rakell in Oilers zone.
1:29 of 2nd period - Wrist shot by Jordan Eberle.
1:29 of 2nd period - Stopped by Jaroslav Halak with a rebound.
1:31 of 2nd period - Slapshot by Mark Streit.
1:31 of 2nd period - Shot Misses the Net.
1:43 of 2nd period - Snap shot by Jordan Eberle.
1:43 of 2nd period - Shot Misses the Net.
2:40 of 2nd period - Penalty to Niklas Hjalmarsson is over, Niklas Hjalmarsson is back on ice.
3:05 of 2nd period - Slapshot by Mason Raymond.
3:05 of 2nd period - Stopped by Jaroslav Halak with a rebound.
4:41 of 2nd period - Wrist shot by Rickard Rakell.
4:41 of 2nd period - Stopped by Jaroslav Halak with a rebound.
5:06 of 2nd period - Slapshot by Nick Bonino.
5:06 of 2nd period - Shot Misses the Net.
5:08 of 2nd period - Slapshot by Jason Demers.
5:08 of 2nd period - Deflect By Toby Enstrom.
5:08 of 2nd period - Stopped by Niklas Backstrom with a rebound.
5:10 of 2nd period - Slapshot by Jason Demers.
5:10 of 2nd period - Shot Blocked by Toby Enstrom.
5:12 of 2nd period - Slapshot by Milan Michalek.
5:12 of 2nd period - Shot Blocked by Mason Raymond.
5:14 of 2nd period - Slapshot by Milan Michalek.
5:14 of 2nd period - Shot Blocked by Luke Schenn.
5:16 of 2nd period - Slapshot by Brayden McNabb.
5:16 of 2nd period - Stopped by Niklas Backstrom with a rebound.
5:18 of 2nd period - Snap shot by Milan Michalek.
5:18 of 2nd period - Goal by Milan Michalek - Oilers : 2 - Wild : 1.
5:19 of 2nd period - Lars Eller wins face-off versus Max Talbot in neutral zone.
5:42 of 2nd period - Slapshot by James Wisniewski.
5:42 of 2nd period - Shot Blocked by Cody Franson.
5:44 of 2nd period - Snap shot by Patrick Marleau.
5:44 of 2nd period - Shot Blocked by Tuomo Ruutu.
5:46 of 2nd period - Snap shot by James Wisniewski.
5:46 of 2nd period - Stopped by Niklas Backstrom with a rebound.
6:18 of 2nd period - Snap shot by Thomas Vanek.
6:18 of 2nd period - Shot Blocked by Nick Bonino.
6:20 of 2nd period - Slapshot by Jonathan Ericsson.
6:20 of 2nd period - Shot Blocked by Ryan McDonagh.
6:22 of 2nd period - Snap shot by Jonathan Ericsson.
6:22 of 2nd period - Shot Misses the Net.
7:30 of 2nd period - Snap shot by Pavel Datsyuk.
7:30 of 2nd period - Goal by Pavel Datsyuk - Oilers : 3 - Wild : 1.
7:31 of 2nd period - Cody McCormick wins face-off versus Nicklas Backstrom in neutral zone.
7:34 of 2nd period - Snap shot by Jordan Eberle.
7:34 of 2nd period - Stopped by Jaroslav Halak without a rebound.
7:35 of 2nd period - Cody McCormick wins face-off versus Nicklas Backstrom in Oilers zone.
7:40 of 2nd period - Snap shot by Jordan Eberle.
7:40 of 2nd period - Shot Misses the Net.
7:42 of 2nd period - Slapshot by Cody Franson.
7:42 of 2nd period - Stopped by Jaroslav Halak without a rebound.
7:43 of 2nd period - Nicklas Backstrom wins face-off versus Cody McCormick in Oilers zone.
7:50 of 2nd period - Snap shot by Nicklas Backstrom.
7:50 of 2nd period - Shot Misses the Net.
8:20 of 2nd period - Slapshot by Jordan Eberle.
8:20 of 2nd period - Stopped by Jaroslav Halak without a rebound.
8:21 of 2nd period - David Legwand wins face-off versus Derek Stepan in Oilers zone.
9:16 of 2nd period - Snap shot by David Desharnais.
9:16 of 2nd period - Stopped by Niklas Backstrom without a rebound.
9:17 of 2nd period - Nick Bonino wins face-off versus Cody McCormick in Wild zone.
9:18 of 2nd period - Wrist shot by David Desharnais.
9:18 of 2nd period - Stopped by Niklas Backstrom without a rebound.
9:19 of 2nd period - David Desharnais wins face-off versus Cody McCormick in Wild zone.
9:22 of 2nd period - Snap shot by Milan Michalek.
9:22 of 2nd period - Shot Misses the Net.
9:24 of 2nd period - Slapshot by David Desharnais.
9:24 of 2nd period - Shot Blocked by Mark Streit.
9:26 of 2nd period - Wrist shot by Milan Michalek.
9:26 of 2nd period - Shot Misses the Net.
9:28 of 2nd period - Wrist shot by Ryan McDonagh.
9:28 of 2nd period - Shot Blocked by Cody Franson.
9:30 of 2nd period - Slapshot by Milan Michalek.
9:30 of 2nd period - Deflect By David Desharnais.
9:30 of 2nd period - Stopped by Niklas Backstrom with a rebound.
9:38 of 2nd period - Slapshot by Milan Michalek.
9:38 of 2nd period - Shot Misses the Net.
9:40 of 2nd period - Slapshot by Nick Bonino.
9:40 of 2nd period - Shot Misses the Net.
9:42 of 2nd period - Snap shot by Ryan McDonagh.
9:42 of 2nd period - Shot Misses the Net.
9:47 of 2nd period - Minor Penalty to Cody McCormick for Holding.
9:48 of 2nd period - Nicklas Backstrom wins face-off versus Rickard Rakell in Wild zone.
10:21 of 2nd period - Off-side.
10:22 of 2nd period - Rickard Rakell wins face-off versus David Desharnais in neutral zone.
10:50 of 2nd period - Rickard Rakell is hit by James Wisniewski and loses puck.
11:01 of 2nd period - Thomas Vanek is hit by James Wisniewski and loses puck.
11:18 of 2nd period - Rickard Rakell is hit by James Wisniewski and loses puck.
11:47 of 2nd period - Penalty to Cody McCormick is over, Cody McCormick is back on ice.
11:49 of 2nd period - Brad Marchand is hit by David Desharnais and loses puck.
12:10 of 2nd period - Niklas Hjalmarsson is hit by Mark Streit and loses puck.
12:42 of 2nd period - Snap shot by Mason Raymond.
12:42 of 2nd period - Shot Misses the Net.
12:44 of 2nd period - Wrist shot by Cody Franson.
12:44 of 2nd period - Stopped by Jaroslav Halak with a rebound.
12:46 of 2nd period - Slapshot by Jonathan Ericsson.
12:46 of 2nd period - Stopped by Jaroslav Halak without a rebound.
12:47 of 2nd period - Derek Stepan wins face-off versus Max Talbot in Oilers zone.
13:15 of 2nd period - Nick Foligno is hit by Max Talbot and loses puck.
13:36 of 2nd period - Wrist shot by Nick Bonino.
13:36 of 2nd period - Shot Misses the Net.
13:38 of 2nd period - Slapshot by James Wisniewski.
13:38 of 2nd period - Deflect By David Desharnais.
13:38 of 2nd period - Stopped by Niklas Backstrom with a rebound.
14:15 of 2nd period - Icing by Derek Stepan.
14:16 of 2nd period - Derek Stepan wins face-off versus Cody McCormick in Oilers zone.
14:21 of 2nd period - Snap shot by Jordan Eberle.
14:21 of 2nd period - Shot Misses the Net.
14:43 of 2nd period - Wrist shot by Nick Bonino.
14:43 of 2nd period - Stopped by Niklas Backstrom without a rebound.
14:44 of 2nd period - Nick Bonino wins face-off versus David Legwand in Wild zone.
15:33 of 2nd period - Zbynek Michalek is hit by Dale Weise and loses puck.
15:40 of 2nd period - Max Talbot is hit by Derek Stepan and loses puck.
15:57 of 2nd period - Jonathan Ericsson is hit by Nick Bonino and loses puck.
16:27 of 2nd period - Slapshot by Trevor Lewis.
16:27 of 2nd period - Shot Blocked by Jonathan Ericsson.
16:29 of 2nd period - Slapshot by Patrick Marleau.
16:29 of 2nd period - Stopped by Niklas Backstrom without a rebound.
16:30 of 2nd period - Lars Eller wins face-off versus Derek Dorsett in Wild zone.
16:57 of 2nd period - Snap shot by Derek Stepan.
16:57 of 2nd period - Stopped by Niklas Backstrom without a rebound.
16:58 of 2nd period - Rickard Rakell wins face-off versus Derek Stepan in Wild zone.
18:09 of 2nd period - Minor Penalty to Cody McCormick for Interference.
18:10 of 2nd period - David Desharnais wins face-off versus Rickard Rakell in Wild zone.
19:07 of 2nd period - Toby Enstrom is hit by David Desharnais and loses puck.
Goals for this period are 2 for Oilers vs 0 for Wild.
Shots for this period are 12 for Oilers vs 10 for Wild.

3rd period


0:01 of 3rd period - David Desharnais wins face-off versus Thomas Vanek in neutral zone.
0:09 of 3rd period - Penalty to Cody McCormick is over, Cody McCormick is back on ice.
0:10 of 3rd period - Wrist shot by Nick Foligno.
0:10 of 3rd period - Stopped by Niklas Backstrom with a rebound.
0:29 of 3rd period - Snap shot by Thomas Vanek.
0:29 of 3rd period - Shot Misses the Net.
0:31 of 3rd period - Slapshot by Toby Enstrom.
0:31 of 3rd period - Shot Misses the Net.
0:33 of 3rd period - Wrist shot by Mark Streit.
0:33 of 3rd period - Shot Blocked by James Wisniewski.
0:35 of 3rd period - Slapshot by Mark Streit.
0:35 of 3rd period - Shot Misses the Net.
0:37 of 3rd period - Slapshot by Mark Streit.
0:37 of 3rd period - Stopped by Jaroslav Halak without a rebound.
0:38 of 3rd period - Victor Rask wins face-off versus Nicklas Backstrom in Oilers zone.
0:47 of 3rd period - Wrist shot by Mason Raymond.
0:47 of 3rd period - Shot Blocked by Zbynek Michalek.
0:59 of 3rd period - Snap shot by Nicklas Backstrom.
0:59 of 3rd period - Stopped by Niklas Backstrom with a rebound.
1:21 of 3rd period - Minor Penalty to Derek Dorsett for Tripping.
1:22 of 3rd period - Nick Foligno wins face-off versus Cody McCormick in Wild zone.
1:23 of 3rd period - Snap shot by Andrew Ladd.
1:23 of 3rd period - Stopped by Niklas Backstrom with a rebound.
1:25 of 3rd period - Slapshot by Derek Stepan.
1:25 of 3rd period - Stopped by Niklas Backstrom with a rebound.
1:27 of 3rd period - Wrist shot by James Wisniewski.
1:27 of 3rd period - Stopped by Niklas Backstrom with a rebound.
1:29 of 3rd period - Slapshot by James Wisniewski.
1:29 of 3rd period - Stopped by Niklas Backstrom without a rebound.
1:30 of 3rd period - David Desharnais wins face-off versus Cody McCormick in Wild zone.
1:59 of 3rd period - Slapshot by David Desharnais.
1:59 of 3rd period - Shot Misses the Net.
2:01 of 3rd period - Slapshot by Derek Stepan.
2:01 of 3rd period - Deflect By Nick Foligno.
2:01 of 3rd period - Shot Blocked by Toby Enstrom.
2:01 of 3rd period - Puck is out of play.
2:02 of 3rd period - Thomas Vanek wins face-off versus David Desharnais in Wild zone.
2:02 of 3rd period - Thomas Vanek is hit by Pavel Datsyuk.
2:24 of 3rd period - Snap shot by Pavel Datsyuk.
2:24 of 3rd period - Shot Misses the Net.
2:26 of 3rd period - Snap shot by David Desharnais.
2:26 of 3rd period - Shot Misses the Net.
2:52 of 3rd period - Cody Franson is hit by Nick Foligno.
3:21 of 3rd period - Penalty to Derek Dorsett is over, Derek Dorsett is back on ice.
4:18 of 3rd period - Slapshot by Nick Bonino.
4:18 of 3rd period - Goal by Nick Bonino - Oilers : 4 - Wild : 1.
4:19 of 3rd period - David Legwand wins face-off versus Derek Stepan in neutral zone.
4:52 of 3rd period - Brad Marchand is hit by Andrew Ladd and loses puck.
6:01 of 3rd period - Patrick Marleau is hit by Luke Schenn.
6:05 of 3rd period - Toby Enstrom is hit by James Wisniewski.
6:29 of 3rd period - Snap shot by Derek Stepan.
6:29 of 3rd period - Stopped by Niklas Backstrom with a rebound.
6:31 of 3rd period - Snap shot by Nick Foligno.
6:31 of 3rd period - Goal by Nick Foligno - Oilers : 5 - Wild : 1.
6:32 of 3rd period - Victor Rask wins face-off versus David Desharnais in neutral zone.
7:39 of 3rd period - Minor Penalty to Jonathan Ericsson for Roughing.
7:40 of 3rd period - Nicklas Backstrom wins face-off versus Cody McCormick in Wild zone.
8:55 of 3rd period - Mark Streit is hit by James Wisniewski and loses puck.
9:18 of 3rd period - Backhand shot by David Desharnais.
9:18 of 3rd period - Stopped by Niklas Backstrom with a rebound.
9:20 of 3rd period - Snap shot by David Desharnais.
9:20 of 3rd period - Shot Blocked by Cody Franson.
9:22 of 3rd period - Snap shot by Andrew Ladd.
9:22 of 3rd period - Stopped by Niklas Backstrom with a rebound.
9:39 of 3rd period - Penalty to Jonathan Ericsson is over, Jonathan Ericsson is back on ice.
10:23 of 3rd period - Max Talbot is hit by Zbynek Michalek and loses puck.
10:34 of 3rd period - Snap shot by Trevor Lewis.
10:34 of 3rd period - Goal by Trevor Lewis - Oilers : 6 - Wild : 1.
10:35 of 3rd period - David Desharnais wins face-off versus David Legwand in neutral zone.
10:42 of 3rd period - Wrist shot by David Desharnais.
10:42 of 3rd period - Shot Misses the Net.
11:24 of 3rd period - Wrist shot by Mason Raymond.
11:24 of 3rd period - Stopped by Jaroslav Halak with a rebound.
11:44 of 3rd period - Wrist shot by Mason Raymond.
11:44 of 3rd period - Shot Misses the Net.
11:46 of 3rd period - Wrist shot by Victor Rask.
11:46 of 3rd period - Stopped by Jaroslav Halak without a rebound.
11:47 of 3rd period - Cody McCormick wins face-off versus Derek Stepan in Oilers zone.
11:48 of 3rd period - Backhand shot by Jordan Eberle.
11:48 of 3rd period - Shot Misses the Net.
12:44 of 3rd period - Patrick Marleau is hit by Dale Weise and loses puck.
13:33 of 3rd period - Slapshot by Brad Marchand.
13:33 of 3rd period - Stopped by Jaroslav Halak without a rebound.
13:34 of 3rd period - David Legwand wins face-off versus Derek Stepan in Oilers zone.
14:02 of 3rd period - Icing by Toby Enstrom.
14:03 of 3rd period - David Legwand wins face-off versus Nicklas Backstrom in Wild zone.
14:03 of 3rd period - David Legwand is hit by Ryan McDonagh.
14:06 of 3rd period - Icing by Rickard Rakell.
14:07 of 3rd period - Nicklas Backstrom wins face-off versus David Legwand in Wild zone.
15:00 of 3rd period - Mark Streit is hit by Patrick Marleau and loses puck.
15:07 of 3rd period - Slapshot by Cody Franson.
15:07 of 3rd period - Shot Misses the Net.
15:09 of 3rd period - Backhand shot by Cody McCormick.
15:09 of 3rd period - Stopped by Jaroslav Halak without a rebound.
15:10 of 3rd period - Victor Rask wins face-off versus Derek Stepan in Oilers zone.
15:35 of 3rd period - Wrist shot by Mason Raymond.
15:35 of 3rd period - Stopped by Jaroslav Halak with a rebound.
16:01 of 3rd period - Luke Schenn is hit by Milan Michalek and loses puck.
16:16 of 3rd period - Snap shot by Nick Bonino.
16:16 of 3rd period - Stopped by Niklas Backstrom with a rebound.
16:27 of 3rd period - Minor Penalty to Luke Schenn for Hooking.
16:28 of 3rd period - Cody McCormick wins face-off versus David Desharnais in Wild zone.
17:09 of 3rd period - Mark Streit is hit by Nicklas Backstrom and loses puck.
18:03 of 3rd period - Brad Marchand is hit by Nicklas Backstrom and loses puck.
18:27 of 3rd period - Penalty to Luke Schenn is over, Luke Schenn is back on ice.
19:08 of 3rd period - Minor Penalty to Tuomo Ruutu for Roughing.
19:09 of 3rd period - Cody McCormick wins face-off versus David Desharnais in Wild zone.
19:17 of 3rd period - Off-side.
19:18 of 3rd period - Pavel Datsyuk wins face-off versus Cody McCormick in neutral zone.
19:33 of 3rd period - Thomas Vanek is hit by Milan Michalek.
19:43 of 3rd period - Jonathan Ericsson is hit by David Desharnais and loses puck.
Goals for this period are 3 for Oilers vs 0 for Wild.
Shots for this period are 13 for Oilers vs 6 for Wild.